 Dungeon Crawl Stone Soup version 0.29.1-12-g30fa7ad0bf (webtiles) character file.

Game seed: 2401443946313883224

13605 rakiston the Warrior (level 11, -29/117 HPs)
             Began as a Minotaur Berserker on Jan 4, 2023.
             Was a High Priest of Trog.
             Killed from afar by a deep elf zephyrmancer (36 damage)
             ... with a bolt of lightning
             ... on level 1 of the Orcish Mines on Jan 5, 2023.
             The game lasted 00:51:10 (12892 turns).

rakiston the Warrior (Minotaur Berserker)          Turns: 12892, Time: 00:51:10

Health: -29/117    AC: 14    Str: 26      XL:     11   Next: 77%
Magic:  10/10      EV: 10    Int:  1 (4)  God:    Trog [*****.]
Gold:   629        SH:  0    Dex: 16      Spells: 10/10 levels left

rFire   . . .      SeeInvis .   a - +3 executioner's axe (flame)
rCold   . . .      Faith    .   (shield currently unavailable)
rNeg    . . .      Spirit   .   h - +3 chain mail
rPois   +          Reflect  .   (helmet restricted)
rElec   .          Harm     .   (no cloak)
rCorr   .          Rampage  .   (no gloves)
Will    .....                   (no boots)
Stlth   ..........              (no amulet)
HPRegen 0.29/turn               r - ring of poison resistance
MPRegen 0.12/turn               N - +6 ring of dexterity

@: studying 2 skills
A: horns 2, retaliatory headbutt, MP-powered wands
a: Renounce Religion, Berserk, Trog's Hand, Brothers in Arms


You were on level 1 of the Orcish Mines.
You worshipped Trog.
Trog was extremely pleased with you.
You visited 2 branches of the dungeon, and saw 11 of its levels.
You also visited: Bailey.

You collected 651 gold pieces.
You spent 22 gold pieces at shops.

Inventory:

Hand Weapons
 a - a +3 executioner's axe of flaming (weapon)
 g - a +2 flail of holy wrath
 t - a +1 broad axe of venom
 M - a +7 longbow
 T - a +6 flail
Missiles
 u - 26 poisoned darts (quivered)
 G - a silver boomerang
 J - 3 throwing nets
Armour
 h - a +3 chain mail (worn)
Jewellery
 o - an amulet of faith
 r - a ring of poison resistance (left hand)
 N - a +6 ring of dexterity (right hand)
 R - a ring of see invisible
 U - a +6 ring of intelligence
Wands
 L - a wand of flame (9)
 O - a wand of iceblast (7)
 P - a wand of quicksilver (3)
 S - a wand of charming (6)
Scrolls
 e - 6 scrolls of magic mapping
 f - a scroll of summoning
 k - 3 scrolls of fear
 m - a scroll of acquirement
 n - a scroll of butterflies
 p - 5 scrolls of teleportation
 s - a scroll of blinking
 y - 2 scrolls of immolation
 D - 3 scrolls of vulnerability
 F - a scroll of poison
 Q - 2 scrolls of enchant weapon
 V - a scroll of silence {unknown}
Potions
 b - 3 potions of flight
 c - a potion of curing
 d - a potion of attraction
 l - a potion of haste
 q - a potion of mutation
 v - a potion of lignification {unknown}
 x - 2 potions of magic
 B - a potion of berserk rage
 E - a potion of ambrosia
 W - a potion of degeneration
 X - a potion of cancellation {unknown}
 Y - a potion of invisibility
 Z - a potion of brilliance


   Skills:
 + Level 17.0 Fighting
 - Level 15.1 Axes
 + Level 10.8 Armour
 - Level 2.2 Dodging


You had 10 spell levels left.
You didn't know any spells.
Your spell library was empty.

Dungeon Overview and Level Annotations

Branches:
Dungeon (10/15)            Temple (0/1) D:5            Lair (0/5) D:8
    Orc (1/2) D:10         Bailey (visited)

Altars:
Ashenzari
Fedhas
Gozag
Hepliaklqana
Makhleb
Okawaru
Ru
Sif Muna
Yredelemnul
The Shining One

Shops:
D:3 *(   D:6 *

Annotations:
D:7 2 runed translucent doors


Innate Abilities, Weirdness & Mutations

You have a pair of horns on your head.
You reflexively headbutt those who attack you in melee.
You expend magic power (3 MP) to strengthen your wands.


Message History

Your orc priest's corpse dissolves into shadows!
The bolt of lightning hits you!!
* * * LOW HITPOINT WARNING * * *
Your orc warrior hits the deep elf pyromancer with a +0 scimitar!!
The deep elf pyromancer dies!
Trog accepts your kill.
Trog appreciates your killing of a magic user.
You feel your strength returning.
Your Fighting skill increases to level 17!
You slice the deep elf pyromancer!! You burn the deep elf pyromancer.
You headbutt the deep elf pyromancer.
The deep elf pyromancer is heavily wounded.
The deep elf pyromancer gestures wildly while chanting.
Your orc warrior hits the deep elf pyromancer with a +0 scimitar!!
The deep elf zephyrmancer gestures wildly while chanting.
The deep elf zephyrmancer blinks!
The deep elf zephyrmancer gestures wildly while chanting.
The deep elf zephyrmancer blinks!
The deep elf pyromancer points at you and mumbles some strange words.
The sticky flame hits you.
You are covered in liquid flames!
* * * LOW HITPOINT WARNING * * *
You closely miss the deep elf pyromancer.
The deep elf pyromancer is almost dead.
You hit the deep elf zephyrmancer. You burn the deep elf zephyrmancer.
You are covered in liquid flames!
* * * LOW HITPOINT WARNING * * *
You are no longer on fire.
Your orc closely misses the deep elf pyromancer.
Your orc closely misses the fire elemental.
Your orc misses the deep elf zephyrmancer.
Your orc warrior hits the deep elf pyromancer with a +0 scimitar!!
The deep elf pyromancer dies!
Trog accepts your kill.
Trog appreciates your killing of a magic user.
The fire elemental disappears in a puff of smoke! x2
Your orc knight closely misses the deep elf zephyrmancer.
The deep elf zephyrmancer gestures at you while chanting.
The bolt of lightning hits you!!!
You die...

........§#.##
.$.....[....#
.$e.e......##
......$....###
.............##
.......§e.....#
...#...#..e#.##
.......#e)o#.## ##
...e....o@o.O.##.##
.......§.oo...#...#
.....§.....<.....#
........#...#....#
.........###....#....
........##
##.##.#.... .......#.
### ....... ...##.. .
.#..... ..# ##. .
.......


You could see a deep elf pyromancer, 4 deep elf zephyrmancers, a friendly orc
knight (summoned), 2 friendly orc warriors, a friendly ogre (summoned) and 2
friendly orcs.

Vanquished Creatures
  2 vault guards (Bailey)
  A two-headed ogre (D:10)
  A deep elf zephyrmancer (Orc:1)
  Maggie (D:6)
  2 unseen horror zombies (D:8)
  A komodo dragon (D:10)
  A troll (D:10)
  Prince Ribbit (Bailey)
  6 yaks
  Sigmund (D:2)
  A vampire (D:7)
  3 shadows
  A wyvern (D:10)
  6 humans (Bailey)
  2 steam dragons
  A vampire mosquito (D:7)
  2 acid dragons (D:9)
  4 ice beasts
  2 orc warriors
  A sky beast (D:7)
  A hornet zombie (D:8)
  2 ogres
  5 centaurs
  3 phantoms
  2 kobold brigands (D:8)
  9 bullfrogs
  A gnoll sergeant (D:6)
  4 scorpions
  5 necrophages
  13 wights
  A troll zombie (D:10)
  3 killer bees (D:8)
  10 howler monkeys
  A centaur zombie (D:8)
  3 hounds
  7 orc priests
  A gnoll bouda (D:6)
  2 jellies
  A human zombie (D:8)
  Jessica (D:3)
  An iguana (D:7)
  Natasha (thrice) (D:3)
  14 orc wizards
  7 ogre zombies (D:10)
  A mummy (D:8)
  2 howler monkey zombies (D:8)
  Robin (D:2)
  9 gnolls
  2 adders
  3 white imps
  An ufetubus (D:5)
  3 dart slugs
  30 orcs
  5 endoplasms
  2 giant cockroaches
  15 hobgoblins
  7 jackals (D:1)
  A quokka (D:4)
  10 ball pythons
  3 bats
  3 frilled lizards
  16 goblins
  3 goblin zombies (D:10)
  2 hobgoblin skeletons (D:10)
  3 hobgoblin zombies (D:10)
  16 kobolds
  2 orc skeletons (D:10)
  15 orc zombies (D:10)
  3 rats (D:1)
298 creatures vanquished.

Vanquished Creatures (collateral kills)
  3 deep elf pyromancers (Orc:1)
  A deep elf zephyrmancer (Orc:1)
  A gnoll (Bailey)
  A goblin (Bailey)
6 creatures vanquished.

Vanquished Creatures (others)
  8 plants (D:8)
8 creatures vanquished.

Grand Total: 312 creatures vanquished

Notes
Turn   | Place    | Note
-------+----------+-------------------------------------------
     0 | D:1      | rakiston the Minotaur Berserker began the quest for the
                  | Orb.
     0 | D:1      | Reached XP level 1. HP: 19/19 MP: 0/0
   156 | D:1      | Reached skill level 4 in Fighting
   156 | D:1      | Reached XP level 2. HP: 19/27 MP: 1/1
   608 | D:1      | Reached ** piety under Trog
   614 | D:1      | Reached XP level 3. HP: 34/34 MP: 2/2
   793 | D:1      | Found a faded altar of an unknown god.
  1462 | D:2      | Noticed Robin
  1470 | D:2      | Killed Robin
  1554 | D:2      | Reached skill level 5 in Axes
  1554 | D:2      | Reached XP level 4. HP: 41/41 MP: 3/3
  1598 | D:2      | Noticed Sigmund
  1610 | D:2      | Killed Sigmund
  1611 | D:2      | Reached skill level 5 in Fighting
  1611 | D:2      | Reached XP level 5. HP: 26/48 MP: 4/4
  2415 | D:3      | Reached XP level 6. HP: 6/57 MP: 5/5
  2897 | D:3      | Found Ritet's General Store.
  2900 | D:3      | Bought a scroll of identify for 22 gold pieces
  2902 | D:3      | Identified a scroll of acquirement
  2925 | D:3      | Noticed Natasha
  2928 | D:3      | Killed Natasha
  2991 | D:3      | Noticed Natasha
  3000 | D:3      | Killed Natasha
  3060 | D:3      | Noticed Jessica
  3074 | D:3      | Killed Jessica
  3122 | D:3      | Reached skill level 6 in Fighting
  3413 | D:3      | Noticed Natasha
  3422 | D:3      | Killed Natasha
  3450 | D:3      | Found Jixugiah's Antique Weapon Shoppe.
  3542 | D:4      | Gained mutation: You expend magic power (3 MP) to
                  | strengthen your wands. [potion of mutation]
  3579 | D:4      | Found a sacrificial altar of Ru.
  3627 | D:4      | Reached *** piety under Trog
  3628 | D:4      | Reached XP level 7. HP: 58/63 MP: 6/6
  4095 | D:5      | Entered Level 5 of the Dungeon
  4107 | D:5      | Found a staircase to the Ecumenical Temple.
  4594 | D:5      | Reached skill level 10 in Axes
  4731 | D:5      | Found a burning altar of Makhleb.
  4895 | D:6      | Reached skill level 7 in Fighting
  4895 | D:6      | Reached XP level 8. HP: 61/73 MP: 7/7
  5091 | D:6      | Found Pixam's Practical Paraphernalia.
  5128 | D:6      | Reached **** piety under Trog
  5333 | D:6      | Noticed Maggie
  5343 | D:6      | Killed Maggie
  5344 | D:6      | Reached skill level 8 in Fighting
  5483 | D:7      | Reached XP level 9. HP: 75/82 MP: 8/8
  5643 | D:7      | Found a hazy altar of Hepliaklqana.
  5965 | D:7      | Found a large runed translucent door.
  5966 | D:7      | Found a large runed translucent door.
  5970 | D:7      | Found a large runed translucent door.
  5970 | D:7      | Found a large runed translucent door.
  5988 | D:7      | Identified the +1 scale mail of the Tick {Harm rCorr}
  5999 | D:7      | Reached skill level 9 in Fighting
  6729 | D:8      | Reached ***** piety under Trog
  6913 | D:8      | Found a staircase to the Lair.
  7041 | D:8      | Found a blossoming altar of Fedhas.
  7247 | D:8      | Reached XP level 10. HP: 73/90 MP: 9/9
  7527 | D:8      | Reached skill level 10 in Fighting
  7689 | D:8      | Reached skill level 15 in Axes
  7895 | D:8      | Found a basalt altar of Yredelemnul.
  8030 | D:8      | Acquired a manual of Fighting
  8393 | D:8      | Found a broken altar of Ashenzari.
  8976 | D:9      | Found a faded altar of an unknown god.
  8976 | D:9      | Found a glowing golden altar of the Shining One.
  8983 | D:9      | Found an iron altar of Okawaru.
  8985 | D:9      | Found a faded altar of an unknown god.
  8987 | D:9      | Found an opulent altar of Gozag.
  9366 | D:9      | Reached skill level 11 in Fighting
  9611 | D:9      | Reached skill level 5 in Armour
  9939 | D:9      | Reached skill level 12 in Fighting
 10547 | D:10     | Entered Level 10 of the Dungeon
 10813 | D:10     | Reached skill level 13 in Fighting
 10895 | D:10     | Found a staircase to the Orcish Mines.
 10908 | D:10     | Reached XP level 11. HP: 62/107 MP: 10/10
 11177 | D:10     | Found a flagged portal.
 11188 | Bailey   | Entered a bailey
 11233 | Bailey   | Reached skill level 14 in Fighting
 11498 | Bailey   | Noticed Prince Ribbit
 11498 | Bailey   | Noticed a vault guard
 11508 | Bailey   | Killed a vault guard
 11513 | Bailey   | Killed Prince Ribbit
 11552 | Bailey   | Noticed a vault guard
 11564 | Bailey   | Killed a vault guard
 11565 | Bailey   | Reached skill level 15 in Fighting
 11893 | D:10     | Noticed a two-headed ogre
 11904 | D:10     | Killed a two-headed ogre
 11909 | D:10     | Reached skill level 16 in Fighting
 11909 | D:10     | Reached skill level 10 in Armour
 12195 | D:10     | Found a shimmering blue altar of Sif Muna.
 12198 | D:10     | Received a gift from Trog
 12583 | Orc:1    | Entered Level 1 of the Orcish Mines
 12605 | Orc:1    | Noticed a deep elf zephyrmancer
 12605 | Orc:1    | Noticed a deep elf zephyrmancer
 12606 | Orc:1    | Noticed a deep elf pyromancer
 12606 | Orc:1    | Noticed a deep elf zephyrmancer
 12607 | Orc:1    | Noticed a deep elf zephyrmancer
 12609 | Orc:1    | Noticed a deep elf pyromancer
 12610 | Orc:1    | Noticed a deep elf pyromancer
 12618 | Orc:1    | Noticed a deep elf zephyrmancer
 12619 | Orc:1    | Killed a deep elf pyromancer
 12621 | Orc:1    | Killed a deep elf zephyrmancer
 12622 | Orc:1    | Noticed a deep elf pyromancer
 12885 | Orc:1    | Killed a deep elf zephyrmancer
 12889 | Orc:1    | Noticed a deep elf zephyrmancer
 12890 | Orc:1    | Killed a deep elf pyromancer
 12891 | Orc:1    | Reached skill level 17 in Fighting
 12892 | Orc:1    | Killed a deep elf pyromancer
 12892 | Orc:1    | Killed from afar by a deep elf zephyrmancer

Illustrated notes

Levels and vault maps discovered:
D:1:      lordsloth_arrival_two_stooges, layout_basic,
          nicolae_ecumenical_snake_handling, minmay_pentomino_s2
D:2:      layout_loops_ring, grunt_decor_fettered, uniq_sigmund, uniq_robin
D:3:      layout_basic, serial_shops, nicolae_shop_statue_plus,
          nicolae_shop_behind_doors, kennysheep_orc_chapel, uniq_jessica,
          uniq_natasha
D:4:      layout_cave_pools, mainiacjoe_overflow_alcove_1
D:5:      layout_basic, mainiacjoe_overflow_alcove_4, minmay_temple_entry_mist
D:6:      layout_rooms, minivault_27, nicolae_alphabet_shops, uniq_maggie
D:7:      layout_rooms, marbit_many_paths, minmay_hollow_rounded_squares
D:8:      layout_layer_cave, lemuel_mausoleum_altar_yredelemnul,
          fedhas_ov_isle_minmay, mainiacjoe_overflow_paths, dpeg_oklobed_lair
D:9:      minmay_bubble_buster, layout_basic,
          chequers_temple_overflow_minitemple, minivault_21
D:10:     layout_small_grid, kennysheep_orc_sif_temple, zombieorc2_lemuel,
          enter_bailey_5
Orc:1:    layout_caves, elves_outpost_lemuel

Skill      XL: |  1  2  3  4  5  6  7  8  9 10 11 |
---------------+----------------------------------+-----
Fighting       | 4 5 6 7 8 9 13 17 | 17.0
Axes           | 4 5 6 8 10 12 14 15 | 15.1
Armour         | 8 10 | 10.8
Dodging        | |  2.2

Action                   |  1- 3 |  4- 6 |  7- 9 | 10-12 || total
-------------------------+-------+-------+-------+-------++-------
Melee: Hand axe          |    28 |       |       |       ||    28
       Headbutt          |     9 |    13 |    36 |    70 ||   128
       War axe           |    43 |       |       |       ||    43
       Broad axe         |    17 |    95 |   209 |   289 ||   610
       Punch             |       |     1 |     5 |     1 ||     7
       Executioner's axe |       |       |       |     5 ||     5
Throw: Dart              |       |       |     2 |       ||     2
Invok: Berserk           |       |     4 |     1 |     4 ||     9
       Brothers in Arms  |       |       |       |     2 ||     2
       Trog's Hand       |       |       |       |     1 ||     1
  Use: Scroll            |     1 |     6 |     4 |    11 ||    22
       Potion            |       |     5 |     2 |    12 ||    19
Armor: Chain mail        |    30 |    37 |    87 |    89 ||   243
Dodge: Dodged            |    41 |    35 |    76 |    94 ||   246
